 Dungeon Sprint DCSS version 0.19-a0-1714-gcab94ab (webtiles) character file.

4178 Theye the Severer (level 10, -2/98 HPs)
             Began as a Naga Fighter on Sept 28, 2016.
             Was the Champion of Qazlal.
             Slain by an emperor scorpion (13 damage)
             ... summoned by a greater mummy
             ... in the Dungeon (Sprint V: "Ziggurat Sprint").
             The game lasted 00:02:18 (442 turns).

Theye the Severer (Naga Fighter)                     Turns: 442, Time: 00:02:19

Health: -2/98      AC: 19    Str: 31    XL:     10   Next: 28%
Magic:  11/26      EV:  0    Int:  9    God:    Qazlal [******]
Gold:   0          SH: 38    Dex: 13    Spells: 1 memorised, 2 levels left

rFire  + . .     SeeInvis +     M - +14 obsidian axe {chop, +Fly SInv *Curse} (curse)
rCold  + . .     Gourm    .     l - +5 gold dragon armour
rNeg   + . .     Faith    .     N - +18 shield of the Gong {rElec rN+ MR+ EV-5}
rPois  +         Spirit   .     (no helmet)
rElec  +         Dismiss  .     (no cloak)
rCorr  .         Reflect  .     (no gloves)
MR     ++...     Harm     .     (no barding)
Stlth  .......... NoTele   +    (no amulet)
                                O - ring of Plog {MP+9 Str+6 Stlth+}
                                F - +6 ring of strength

@: mesmerised, very slightly contaminated, slowed, repel missiles, invisible,
very slow
A: see invisible, deformed body, poison resistance, slowness 2, slow metabolism
1, spit poison 1, AC +3
a: Spit Poison, Upheaval, Elemental Force, Disaster Area, Renounce Religion,
Evoke Flight


You were in the Dungeon.
You worshipped Qazlal.
Qazlal was exalted by your worship.
You were not hungry.

You visited 1 branch

Inventory:

Hand Weapons
 q - the +9 staff of Wucad Mu {channel}
   (You found it in the Dungeon)
 M - the cursed +14 obsidian axe (weapon) {chop, +Fly SInv *Curse}
   (You found it in the Dungeon)

   It inflicts extra damage upon your enemies.
   It lets you see invisible.
   It lets you fly.
   It may re-curse itself when equipped.
   It has a curse placed upon it.
Armour
 l - a +5 gold dragon armour (worn)
 m - a +3 large shield
 N - the +18 shield of the Gong (worn) {rElec rN+ MR+ EV-5}
   (You found it in the Dungeon)

   It affects your evasion (-5).
   It insulates you from electricity.
   It protects you from negative energy.
   It affects your resistance to hostile enchantments.
Jewellery
 F - a +6 ring of strength (left hand)
 O - the ring of Plog (right hand) {MP+9 Str+6 Stlth+}
   (You found it in the Dungeon)

   [ring of magical power]

   It affects your strength (+6).
   It affects your magic capacity (+9).
   It makes you more stealthy.
Wands
 H - a wand of disintegration (7/24)
 I - a wand of iceblast (5/15)
 J - a wand of lightning (5/15)
 K - a wand of acid (5/15)
Scrolls
 k - 4 scrolls of blinking
 s - 4 scrolls of amnesia
 t - 3 scrolls of recharging
 u - 7 scrolls of fog
 v - a scroll of holy word
 w - 5 scrolls of identify
 x - 5 scrolls of remove curse
 y - 2 scrolls of fear
Potions
 d - 6 potions of might
 e - 10 potions of curing
 g - 9 potions of heal wounds
 h - 6 potions of haste
 i - 7 potions of magic
 j - 3 potions of berserk rage
 n - 2 potions of brilliance
 o - a potion of invisibility
 p - 4 potions of resistance
 r - 5 potions of agility
Miscellaneous
 L - a disc of storms
Comestibles
 f - 5 bread rations
 z - 42 fruits
 A - 4 meat rations


   Skills:
 + Level 8.5 Fighting
 * Level 15.7 Axes
 + Level 6.9 Armour
 + Level 1.9 Dodging
 + Level 8.3 Shields
 * Level 10.3 Invocations


You had 2 spell levels left.
You knew the following spells:

 Your Spells              Type           Power        Failure   Level  Hunger
a - Ring of Flames        Chrm/Fire      #.........   100%        7    #######


Dungeon Overview and Level Annotations

Branches:
Dungeon (1/1)

Altars:
Ashenzari
Cheibriados
Dithmenos
Elyvilon
Fedhas
Gozag
Hepliaklqana
Kikubaaqudgha
Makhleb
Nemelex Xobeh
Okawaru
Qazlal
Ru
Sif Muna
Trog
Uskayaw
Vehumet
Xom
Yredelemnul
Zin
The Shining One
Beogh
Jiyva
Lugonu


Innate Abilities, Weirdness & Mutations

You cannot wear boots.
Your serpentine skin is tough. (AC +3)
You have supernaturally acute eyesight. (SInv)
Armour fits poorly on your strangely shaped body.
Your system is resistant to poisons. (rPois)
You cover ground very slowly.
You have a slow metabolism.
You can spit poison.


Message History

Unknown command.
You feel much better.
Visions of slaying the greater mummy flood into your mind.
You block the death scarab's attack.
PANG!
The emperor scorpion stings you but does no damage.
You block the emperor scorpion's attack.
GONNNNG!
The emperor scorpion claws you but does no damage.
The greater mummy hits you with the +1 flail of Eternal Vigilance {freeze, -Tele +Fly MP+9 Dex+8}!!
* * * LOW HITPOINT WARNING * * *
The greater mummy freezes you.
* * * LOW HITPOINT WARNING * * *
You block the death scarab's attack.
GONNNNG!
The greater mummy hits you but does no damage.
You block the guardian mummy's attack.
GONNNNG!
The emperor scorpion stings you!
You die...

▓....(....▓.......▓
▓▓▓▓▓▓▓▓▓▓▓▓▓▓▓▓▓▓▓
▓...8©8.≈.▓..8©8..▓
▓..§.=§[..▓..)))..▓
▓...:.=...▓..3|)..▓
▓...§.....▓.......▓
▓s...s§≈..▓.......▓
▓...§MsM§.▓.......▓
▓....M@s§.▓..))†..▓
▓...§§§...▓.▓...▓.▓
▓....§§§..▓.......▓
▓▓▓▓▓▓▓▓▓▓▓▓▓▓▓▓▓▓▓


You could see 2 greater mummies, 2 emperor scorpions, a guardian mummy and 2
death scarabs.

Vanquished Creatures
  3 toenail golems (D)
  2 merfolk (D)
  A hippogriff (D)
  A tarantella (D)
  2 spriggans (D)
  A flying skull (D)
  A hell hound (D)
  2 orc warriors (D)
  A black bear (D)
  A wasp (D)
  2 wolves (D)
  3 centaurs (D)
  2 scorpions (D)
  2 orc wizards (D)
  A quasit (D)
  An orc priest (D)
  3 mummies (D)
  5 orcs (D)
  A bat zombie (D)
  2 ball pythons (D)
  A leopard gecko skeleton (D)
38 creatures vanquished.

Vanquished Creatures (collateral kills)
  2 toenail golems (D)
  A jumping spider (D)
  A spriggan (D)
  An orc wizard (D)
5 creatures vanquished.

Vanquished Creatures (others)
  2 spatial maelstroms (D)
2 creatures vanquished.

Grand Total: 45 creatures vanquished

Notes
Turn   | Place    | Note
-------+----------+-------------------------------------------
     0 | D        | Theye the Naga Fighter began the quest for the Orb.
     0 | D        | Reached XP level 1. HP: 21/21 MP: 1/1
     7 | D        | Banished a spatial maelstrom
    13 | D        | Found a blossoming altar of Fedhas.
    17 | D        | Found a deep blue altar of Sif Muna.
    17 | D        | Found a sacrificial altar of Ru.
    17 | D        | Found a bloodstained altar of Trog.
    17 | D        | Found a stormy altar of Qazlal.
    17 | D        | Found an iron altar of Okawaru.
    17 | D        | Found a sparkling altar of Nemelex Xobeh.
    19 | D        | Found an ancient bone altar of Kikubaaqudgha.
    19 | D        | Found a viscous altar of Jiyva.
    19 | D        | Found a corrupted altar of Lugonu.
    19 | D        | Found a hazy altar of Hepliaklqana.
    19 | D        | Found a burning altar of Makhleb.
    19 | D        | Found an opulent altar of Gozag.
    27 | D        | Banished a spatial maelstrom
    63 | D        | Became a worshipper of Qazlal Stormbringer
    64 | D        | Reached skill level 4 in Axes
    64 | D        | Reached skill level 1 in Dodging
    64 | D        | Reached XP level 2. HP: 30/30 MP: 1/4
    75 | D        | Entered arena 1.
    82 | D        | Entered arena 2.
    82 | D        | Noticed a hell hound
    83 | D        | Reached * piety under Qazlal
    84 | D        | Killed a hell hound
    84 | D        | Reached skill level 5 in Fighting
    84 | D        | Reached skill level 5 in Axes
    84 | D        | Reached skill level 5 in Invocations
    84 | D        | Reached XP level 3. HP: 39/39 MP: 3/6
    84 | D        | Reached XP level 4. HP: 46/46 MP: 3/7
    85 | D        | Reached XP level 5. HP: 52/52 MP: 3/9
    91 | D        | Entered arena 3.
    93 | D        | Reached ** piety under Qazlal
    93 | D        | Reached skill level 6 in Axes
   103 | D        | Entered arena 4.
   103 | D        | Noticed a tarantella
   103 | D        | Noticed a jumping spider
   107 | D        | Reached *** piety under Qazlal
   107 | D        | Reached skill level 5 in Armour
   107 | D        | Reached skill level 5 in Shields
   107 | D        | Reached XP level 6. HP: 53/62 MP: 6/10
   108 | D        | Killed a tarantella
   108 | D        | Reached skill level 8 in Axes
   109 | D        | Reached XP level 7. HP: 61/70 MP: 7/12
   113 | D        | Killed a jumping spider
   113 | D        | Reached skill level 9 in Axes
   120 | D        | Entered arena 5.
   120 | D        | Noticed a toenail golem
   120 | D        | Noticed a toenail golem
   120 | D        | Noticed a toenail golem
   120 | D        | Noticed a toenail golem
   120 | D        | Noticed a toenail golem
   123 | D        | Killed a toenail golem
   123 | D        | Reached **** piety under Qazlal
   123 | D        | Reached skill level 10 in Axes
   123 | D        | Reached XP level 8. HP: 71/80 MP: 9/13
   125 | D        | Killed a toenail golem
   125 | D        | Reached skill level 11 in Axes
   126 | D        | Killed a toenail golem
   126 | D        | Reached skill level 12 in Axes
   127 | D        | Killed a toenail golem
   127 | D        | Reached XP level 9. HP: 67/88 MP: 10/15
   128 | D        | Killed a toenail golem
   128 | D        | Reached ***** piety under Qazlal
   128 | D        | Reached skill level 13 in Axes
   168 | D        | Learned a level 7 spell: Ring of Flames
   181 | D        | Entered arena 6.
   181 | D        | Noticed a merfolk
   181 | D        | Noticed a merfolk
   190 | D        | Killed a merfolk
   190 | D        | Reached skill level 14 in Axes
   192 | D        | Killed a merfolk
   389 | D        | Entered arena 7.
   389 | D        | Noticed a spriggan rider
   393 | D        | Reached ****** piety under Qazlal
   393 | D        | Reached XP level 10. HP: 89/97 MP: 17/17
   394 | D        | Reached skill level 10 in Invocations
   397 | D        | Reached skill level 15 in Axes
   406 | D        | Got the ring of Plog {MP+9 Str+6 Stlth+}
   419 | D        | Entered arena 8.
   433 | D        | Entered arena 9.
   433 | D        | Noticed a greater mummy
   433 | D        | Noticed a greater mummy
   435 | D        | Noticed an emperor scorpion
   435 | D        | Noticed an emperor scorpion
   435 | D        | Noticed an emperor scorpion
   435 | D        | Noticed an emperor scorpion
   436 | D        | Noticed a death scarab
   436 | D        | Noticed a death scarab
   437 | D        | Noticed a death scarab
   437 | D        | Noticed a death scarab
   437 | D        | Noticed a death scarab
   437 | D        | Noticed a death scarab
   440 | D        | Noticed a death scarab
   440 | D        | Noticed a death scarab
   442 | D        | Slain by an emperor scorpion

Vault maps used:
D:        sprint_v

Skill      XL: |  1  2  3  4  5  6  7  8  9 10 |
---------------+-------------------------------+-----
Axes           | 4 5 6 8 10 12 14 15 | 15.7
Armour         | 3 4 5 6 |  6.9
Dodging        | 1 |  1.9
Shields        | 3 4 5 6 7 8 |  8.3
Invocations    | 3 5 6 7 9 10 | 10.3
Fighting       | 5 6 7 8 |  8.5

Action                   |  1- 3 |  4- 6 |  7- 9 | 10-12 || total
-------------------------+-------+-------+-------+-------++-------
Melee: Broad axe         |     3 |    12 |    19 |    14 ||    48
Invok: Disaster Area     |       |       |       |     2 ||     2
  Use: Potion            |     1 |       |       |     2 ||     3
Armor: Gold dragon armou |       |     5 |     8 |    14 ||    27
Dodge: Dodged            |       |       |       |     1 ||     1
Block: Shield            |       |    22 |    44 |    50 ||   116
